cohdb
Replays
Latest Replays
All Replays
Popular Replays
Top Player Replays
Match Explorer
How It Works
Community
CoH3 Stats
Reddit
Sign in to upload your games and track your stats! →
Sign in with Steam
Match 31497069
Unlisted
Match 31497069
Overview
Messages
Build Orders
End
Panzergrenadier Squad
Selects Italian Infantry
Panzergrenadier Squad
250 Light Carrier
Panzergrenadier Squad
Selects Guastatori Squad
Selects L6/40 Light Tank Combat Group
L6/40 Light Tank Combat Group
Guastatori Squad
Construct Light Support Kompanie
Fire Support Elements
Guastatori Squad
Pak 38 Mechanized Group
Selects Defensive Operations
Selects Territory Booby Traps
Selects Propaganda War
Propaganda War
Construct Panzerarmee Kommand
Propaganda War
Panzer III L Medium Tank
Panzer III L Medium Tank
Propaganda War
Selects Towed Cannone da 105/28 Field Howitzer
Propaganda War
Panzer III L Medium Tank
Gawain_77
Schlageter
Loui
DerTontaiLama
Vlambulance-YouTube
JumpyWizard
0
0
Comments
sign in to comment!
No comments posted yet!